 Dungeon Crawl Stone Soup version 0.18.1-1-g2f07953 (webtiles) character file.

23 imoen the Insei (level 2, 2/16 HPs)
             Began as a Vine Stalker Monk on May 6, 2016.
             Quit the game on level 5 of the Dungeon.
             The game lasted 00:02:15 (194 turns).

imoen the Insei (Vine Stalker Monk)                  Turns: 194, Time: 00:02:16

Health: 2/16       AC:  2    Str: 13    XL:     2   Next: 95%
Magic:  2/3        EV: 13    Int: 10    God:
Gold:   40         SH:  0    Dex: 16    Spells: 0 memorised, 1 level left

rFire  . . .     SeeInvis .       - Unarmed
rCold  . . .     Gourm    .     a - +0 robe
rNeg   . . .     Faith    .     (no shield)
rPois  .         Spirit   +     (no helmet)
rElec  .         Dismiss  .     (no cloak)
rCorr  .         Reflect  .     (no gloves)
SustAt .         Harm     .     (no boots)
MR     .....                    (no amulet)
Stlth  ++........               (no ring)
                                (no ring)

@: quite poisoned (2 -> 1), not resistant to hostile enchantments, unstealthy
A: fangs 2, regeneration 1, magic shield, antimagic bite, no device heal 3, rot
immunity
a: no special abilities


You were on level 5 of the Dungeon.
You were not hungry.

You visited 1 branch of the dungeon, and saw 5 of its levels.

You collected 40 gold pieces.

Inventory:

Armour
 a - a +0 robe (worn)
Scrolls
 d - a scroll of amnesia {unknown}
 e - a scroll of teleportation {unknown}
 g - a scroll of identify {unknown}
 h - a scroll of remove curse {unknown}
Potions
 c - a potion of degeneration {unknown}
Comestibles
 b - 2 bread rations
 f - a chunk of flesh


   Skills:
 - Level 2.9 Fighting
 - Level 2.6 Dodging
 - Level 2.7 Stealth
 + Level 4.4 Unarmed Combat


You had one spell level left.
You didn't know any spells.

Dungeon Overview and Level Annotations

Branches:
Dungeon (5/15)
 Temple: D:4-7

Altars:


Innate Abilities, Weirdness & Mutations

You have extremely sharp teeth.
Your natural rate of healing is unusually fast.
When hurt, damage is shared between your health and your magic reserves.
Your bite disrupts and absorbs the magic of your enemies.
Potions and wands cannot restore your health.
You are immune to rotting.


Message History

No target in view!
No target in view!
Health restored: 16 MP restored: 3 A rat comes into view.
The helpless rat fails to defend itself.
You hit the rat.
You kill the rat!
No target in view!
No target in view!
There is a stone staircase leading up here.
A bat comes into view.
You see here a scroll labeled KIYBLI ENEEHE.
e - a scroll labeled KIYBLI ENEEHE The bat barely misses you.
The bat barely misses you. The bat barely misses you.
There is a stone staircase leading down here.
The bat closely misses you.
You climb downwards.
An adder comes into view.
There is a stone staircase leading up here.
Unknown command.
You closely miss the adder. The adder barely misses you.
You miss the adder. The adder bites you but does no damage.
You hit the adder. You bite the adder. You drain its power.
The adder closely misses you. The adder bites you.
You are poisoned.
The adder poisons you!
You take 4 damage, and have 12/16 hp.
MASSIVE DAMAGE!!
You hit the adder. You bite the adder. You drain its power.
You feel sick. The adder barely misses you.
You take 1 damage, and have 11/16 hp.
You closely miss the adder. Your bite misses the adder. The adder misses you.
You closely miss the adder. Your bite misses the adder.
You feel sick. The adder closely misses you.
You miss the adder. The adder closely misses you. The adder barely misses you.
You hit the adder.
You kill the adder!
You feel sick.
You take 1 damage, and have 10/16 hp.
No target in view!
No target in view!
You see here an adder corpse.
Unknown command.
You butcher the adder corpse.
f - a chunk of flesh You feel sick.
g - a scroll labeled VOILUU ORINARE You feel sick.
h - a scroll labeled KYMUES CAASE You feel sick.
You feel sick.
There is a stone staircase leading down here.
You feel sick.
You are no longer poisoned.
You climb downwards.
There is a stone staircase leading up here.
Unknown command.
A dart slug comes into view.
A worker ant comes into view.
An adder comes into view.
The worker ant twitches its antennae in your direction.
Unknown command.
Unknown command.
The worker ant bites you.
You are poisoned.
The worker ant poisons you!
You feel sick.
You take 1 damage, and have 11/16 hp.
You feel sick.
You take 1 damage, and have 10/16 hp.
Unknown command.
There is a stone staircase leading down here.
Unknown command.
The worker ant bites you but does no damage.
The worker ant bites you.
* * * LOW HITPOINT WARNING * * *
You climb downwards.
A giant frog skeleton comes into view.
You feel sick.
There is a stone staircase leading up here.
You take 3 damage, and have 7/16 hp.
You now have 2/3 mp.
Unknown command.
You are too injured to fight recklessly!
Unknown command.
You closely miss the worker ant. Your punch misses the worker ant.
Your bite misses the worker ant. The worker ant bites you.
* * * LOW HITPOINT WARNING * * *
Unknown command.
You take 2 damage, and have 5/16 hp.
You feel sick.
The giant frog skeleton hits you but does no damage.
Unknown command.
Unknown command.
You hit the giant frog skeleton. The giant frog skeleton hits you.
* * * LOW HITPOINT WARNING * * *
You take 3 damage, and have 2/16 hp.
Unknown command.

...# ..# #...##.#
#..#..# #.....#
#....####
##....$a@#
#.....#Z.#
#....<.#.#
#............#
#............#
#..............#
#.........###....
#.......### ####
#......##


You could see a worker ant and a giant frog skeleton.

Vanquished Creatures
  An adder (D:3)
  A bat (D:1)
  3 giant cockroaches
  A goblin (D:2)
  4 jackals (D:1)
  2 rats (D:2)
12 creatures vanquished.

Notes
Turn   | Place    | Note
--------------------------------------------------------------
     0 | D:1      | imoen the Vine Stalker Monk began the quest for the Orb.
     0 | D:1      | Reached XP level 1. HP: 11/11 MP: 2/2
    81 | D:1      | Reached XP level 2. HP: 15/16 MP: 3/3
   188 | D:5      | Entered Level 5 of the Dungeon
   193 | D:5      | HP: 2/16 [giant frog skeleton (3)]
   194 | D:5      | Quit the game

Action                   || total
-------------------------++-------
Melee: Unarmed           ||    46
       Bite              ||    12
 Stab: Sleeping          ||     2
Armor: Robe              ||    15
Dodge: Dodged            ||    37

Vault maps used:
D:1:      minmay_arrival_wavy_path
D:2:      okawaru_altar_gauntlet_db, nicolae_ru_path_of_blood,
          cheibriados_altar_1, first_bread, kennysheep_generic_room_7,
          uniq_terence, uniq_crazy_yiuf_cottage
D:4:      grunt_dithmenos_smoke_and_mirrors, guppyfry_early_orc_mine
D:5:      evilmike_ruin_ashenzari, nicolae_overflow_crystal_walls,
          minmay_fountain_box, uniq_prince_ribbit1, uniq_blork_the_orc

Table legend:
 A = Turns spent in this place as a percentage of turns spent in the entire game.
 B = Non-inter-level travel turns spent in this place as a percentage of non-inter-level travel turns spent in the entire game.
 C = Inter-level travel turns spent in this place as a percentage of turns spent in this place.
 D = Turns resting spent in this place as a percentage of non-inter-level travel turns spent in this place.
 E = Turns spent auto-exploring this place as a percentage of non-inter-level travel turns spent in this place.
 F = Non-inter-level travel turns spent in this place divided by the number of levels of this place that you've seen.
                   A       B       C       D       E      F
               +-------+-------+-------+-------+-------+----------------------
         Total | 100.0 | 100.0 |   0.0 |   0.0 |   0.0 |  42.0
       Dungeon | 100.0 | 100.0 |   0.0 |   0.0 |   0.0 |  42.0
               +-------+-------+-------+-------+-------+----------------------

Table legend:
 A = Kills in this place as a percentage of kills in entire the game.
 B = Kills by you in this place as a percentage of kills by you in the entire game.
 C = Kills by friends in this place as a percentage of kills by friends in the entire game.
 D = Other kills in this place as a percentage of other kills in the entire game.
 E = Experience gained in this place as a percentage of experience gained in the entire game.
 F = Experience gained in this place divided by the number of levels of this place that you have seen.
                   A       B       C       D       E      F
               +-------+-------+-------+-------+-------+----------------------
         Total | 100.0 | 100.0 |  -nan |  -nan | 100.0 |   6.6
       Dungeon | 100.0 | 100.0 |  -nan |  -nan | 100.0 |   6.6
               +-------+-------+-------+-------+-------+----------------------
